 Dungeon Crawl Stone Soup version 0.20.1-1-g8b1a95d (webtiles) character file.

24 Fireblaze683 the Magician (level 2, 0/15 HPs)
             Began as a Deep Elf Wizard on Oct 21, 2017.
             Slain by a gnoll
             ... wielding a +0 spear
              (7 damage)
             ... on level 2 of the Dungeon.
             The game lasted 00:09:15 (586 turns).

Fireblaze683 the Magician (Deep Elf Wizard)          Turns: 586, Time: 00:09:16

Health: 0/15       AC:  2    Str:  4    XL:     2   Next: 79%
Magic:  3/10       EV: 13    Int: 22    God:
Gold:   69         SH:  0    Dex: 13    Spells: 6/11 levels left

rFire    . . .     SeeInvis .   i - +0 short sword
rCold    . . .     Gourm    .   (no shield)
rNeg     . . .     Faith    .   a - +0 robe
rPois    .         Spirit   .   b - +0 hat
rElec    .         Reflect  .   (no cloak)
rCorr    .         Harm     .   (no gloves)
MR       .....                  (no boots)
Stlth    ++........             (no amulet)
Regen    0.1/turn               (no ring)
MPRegen  0.2/turn               (no ring)

@: no status effects
A: no striking features
a: no special abilities


You were on level 2 of the Dungeon.
You were not hungry.

You visited 1 branch of the dungeon, and saw 2 of its levels.

You collected 69 gold pieces.

Inventory:

Hand Weapons
 i - a +0 short sword (weapon)
 l - a +0 dagger
 m - a -3 quarterstaff
 n - a +0 dagger
Armour
 a - a +0 robe (worn)
 b - a +0 hat (worn)
Jewellery
 j - a -3 ring of protection
Scrolls
 g - a scroll of remove curse
 k - a scroll of fear {unknown}
Potions
 e - a potion of mutation {unknown}
Books
 c - a book of Minor Magic

   Spells                             Type                      Level
   a - Magic Dart                     Conjuration                  1
   b - Blink                          Translocation                2
   c - Call Imp                       Summoning                    2
   d - Slow                           Hexes                        2
   e - Conjure Flame                  Conjuration/Fire             3
   f - Mephitic Cloud                 Conjuration/Poison/Air       3
Comestibles
 d - a bread ration
 f - a meat ration
 h - 4 chunks of flesh


   Skills:
 * Level 0.4 Short Blades
 * Level 2.6 Dodging
 * Level 2.7 Stealth
 + Level 5.2 Spellcasting
 - Level 1.4 Conjurations
 - Level 1.1 Summonings
 - Level 1.1 Translocations


You had 6 spell levels left.
You knew the following spells:

 Your Spells              Type           Power        Failure   Level  Hunger
a - Magic Dart            Conj           ##..         5%          1    None
b - Blink                 Tloc           N/A          10%         2    None
c - Call Imp              Summ           ##......     10%         2    None


Dungeon Overview and Level Annotations

Branches:
Dungeon (2/15)

Altars:


Message History

A beastly little devil appears in a puff of frigid air.
The giant cockroach barely misses you.
Your crimson imp hits the gnoll.
The gnoll dies!
The gnoll closely misses you. The giant cockroach misses you.
Your shadow imp hits the gnoll.
You hit the giant cockroach but do no damage.
Your crimson imp hits the giant cockroach but does no damage.
The gnoll hits your shadow imp with a halberd!
Your shadow imp dies!
The gnoll hits you from afar with a spear.
The giant cockroach bites you but does no damage.
Your white imp gestures at the giant cockroach.
The puff of frost hits the giant cockroach.
The giant cockroach dies!
Your crimson imp blinks!
Your white imp barely misses the gnoll.
Your white imp hits the gnoll.
Your white imp freezes the gnoll.
Your crimson imp disappears in a puff of smoke!
The gnoll hits you from afar with a spear!
You die...

#[## .......
..#.###....... #..## #..
### .##.. #....... ##..#
#..## #...#.####.......
##.# #...##
................ #.##
#....###.#...######..##
#..#
#.#....(.........#..###
##.#
###.##.....>......#####
#
#.####.................#
#
#...##.......@.........#
#
###.##.................#
# #...........g........#
# ####........g........#
# #.........5.......# #
#................... .#
#...........##...... ..
#....§†...### ####.# #..
#.....[...# .. #..


You could see 2 gnolls and a friendly white imp.

Vanquished Creatures
  A giant cockroach (D:1)
  2 goblins (D:1)
  3 hobgoblins
  A kobold (D:2)
  A ball python (D:1)
  4 bats
  A frilled lizard (D:1)
  A rat (D:2)
14 creatures vanquished.

Vanquished Creatures (collateral kills)
  A gnoll (D:2)
  A giant cockroach (D:2)
  A bat (D:2)
3 creatures vanquished.

Grand Total: 17 creatures vanquished

Notes
Turn   | Place    | Note
-------+----------+-------------------------------------------
     0 | D:1      | Fireblaze683 the Deep Elf Wizard began the quest for the Orb.
     0 | D:1      | Reached XP level 1. HP: 10/10 MP: 7/7
   282 | D:1      | Reached skill level 5 in Spellcasting
   282 | D:1      | Reached XP level 2. HP: 15/15 MP: 5/10
   458 | D:2      | Learned a level 2 spell: Blink
   461 | D:2      | Learned a level 2 spell: Call Imp
   586 | D:2      | Slain by a gnoll

Skill      XL: |  1 |
---------------+----+-----
Spellcasting   | 5 |  5.2
Short Blades   | |  0.4
Dodging        | |  2.6
Stealth        | |  2.7
Conjurations   | |  1.4
Summonings     | |  1.1
Translocations | |  1.1

Action                   || total
-------------------------++-------
Melee: Unarmed           ||     3
       Short sword       ||     1
 Cast: Magic Dart        ||    30
       Call Imp          ||     4
  Use: Scroll            ||     5
Armor: Robe              ||     1
Dodge: Dodged            ||    18
